 Dungeon Crawl Stone Soup version 0.30.0-30-g96aa6591b8 (webtiles) character file.

Game seed: 15054652224122015607

35 Chiseanne the Sneak (level 3, -3/26 HPs)
             Began as an Octopode Delver on June 28, 2023.
             Slain by Sigmund
             ... wielding a +0 scythe
              (4 damage)
             ... on level 5 of the Dungeon.
             The game lasted 00:02:01 (383 turns).

Chiseanne the Sneak (Octopode Delver)                Turns: 383, Time: 00:02:02

Health: -3/26      AC:  1    Str: 11    XL:     3   Next: 35%
Magic:  3/3        EV: 13    Int: 12    God:
Gold:   57         SH:  0    Dex: 15    Spells: 2/2 levels left

rFire   . . .        a - +0 short sword
rCold   . . .        (no shield)
rNeg    . . .        (helmet restricted)
rPois   .            (no amulet)
rElec   .            g - ring of resist corrosion
rCorr   +            (no ring)
SInv    .            (no ring)
Will    .....        (no ring)
Stlth   +++++        (no ring)
HPRegen 0.24/turn    (no ring)
MPRegen 0.08/turn    (no ring)
                     (no ring)

%: no passive effects
@: marked, hasted, invisible, very quick
A: almost no armour, amphibious, 8 rings, camouflage 1, gelatinous body 1,
(nimble swimmer 1), tentacles
a: no special abilities


You were on level 5 of the Dungeon.
You visited 1 branch of the dungeon, and saw 3 of its levels.

You collected 57 gold pieces.

Inventory:

Hand Weapons
 a - a +0 short sword (weapon)
Jewellery
 g - a ring of resist corrosion (left tentacle)
Wands
 f - a wand of digging (3)
Scrolls
 b - 2 scrolls of fog
 c - 2 scrolls of magic mapping
 d - a scroll of fear
 h - 4 scrolls of identify
 j - a scroll of teleportation {unknown}
 k - a scroll of enchant weapon {unknown}


   Skills:
 * Level 3.4 Fighting
 - Level 2.0 Short Blades
 * Level 2.6 Dodging
 * Level 7.1 Stealth


You had 2 spell levels left.
You didn't know any spells.
Your spell library was empty.

Dungeon Overview and Level Annotations

Branches:
Dungeon (5/15)
 Temple: D:4-7

Altars:

Annotations:
D:5 Sigmund


Innate Abilities, Weirdness & Mutations

You cannot wear most types of armour.
You are amphibious.
You can wear up to eight rings at the same time.
Your skin changes colour to match your surroundings (Stealth+).
Your rubbery body absorbs attacks. (AC +1, EV +1)
((You are camouflaged when in or above water. (Stealth+)))
You have tentacles for arms and can constrict up to eight enemies at once.


Message History

The helpless adder fails to defend itself.
You impale the adder!!
You kill the adder!
Things that are here:
a +0 mace; a +0 leather armour A sourceless malevolence fills the Dungeon...
With a horrendous wail, an alarm goes off!
A sentinel's mark forms upon you.
You hear a screech! x2; You hear a shout! x5; You hear a bark!
You hear a shout! x2
You hear an angry hiss.
You hear a shout!
h - 4 scrolls labelled BESORU XE LIC (gained 1)
j - a scroll labelled ROITAB LAZOA
k - a scroll labelled KAUC EDUVUIPLA
Found a scroll labelled BESORU XE LIC.
h - 5 scrolls labelled BESORU XE LIC (gained 1)
A gnoll comes into view. It is wielding a +0 flail.
A scorpion comes into view.
Sigmund the Dreaded comes into view.
He is wielding a +0 scythe.
Sigmund gestures wildly while chanting.
Sigmund flickers and vanishes!
Deactivating autopickup; reactivate with Ctrl-A.
The teleport trap disappears.
The scorpion disappears!
An adder and an orc come into view.
A puff of flame appears from out of thin air!
The puff of flame hits you!
As you read the scroll labelled BESORU XE LIC, it crumbles to dust.
It is a scroll of identify.
i - a potion of invisibility The hound bites you. x2
You fade into invisibility!
A puff of flame appears from out of thin air!
The puff of flame misses you.
The puff of flame hits the hound!
The hound closely misses you.
You feel yourself speed up. The hound bites you.
* * * LOW HITPOINT WARNING * * *
The hound bites you.
* * * LOW HITPOINT WARNING * * *
An ufetubus comes into view.
Something hits you.
You die...

... ... ... ##.##
#...# #...# #S.o#
# #@# .# #.####
##.## #h##..
.....###
#.##.######......
#g##.#.........#
#.##.#......#.###
#.5.h...g........
####.#......#.##
#.#......#.#


You could see a hound, a gnoll (unable to see you), an adder (unable to see
you), an orc (unable to see you) and an ufetubus (unable to see you).

Vanquished Creatures
  3 adders
  2 orcs
  An endoplasm (D:4)
  A quokka (D:4)
  A ball python (D:4)
  A kobold (D:4)
9 creatures vanquished.

Notes
Turn   | Place    | Note
-------+----------+-------------------------------------------
     0 | D:5      | Chiseanne the Octopode Delver began the quest for the Orb.
     0 | D:5      | Reached XP level 1. HP: 16/16 MP: 1/1
     9 | D:5      | Noticed a hound
   192 | D:3      | Reached XP level 2. HP: 21/21 MP: 2/2
   263 | D:4      | Reached skill level 7 in Stealth
   263 | D:4      | Reached XP level 3. HP: 26/26 MP: 3/3
   376 | D:5      | Noticed a scorpion
   377 | D:5      | Noticed Sigmund
   382 | D:5      | HP: 1/26 [hound (5)]
   383 | D:5      | Slain by Sigmund

Illustrated notes

Levels and vault maps discovered:
D:3:      layout_basic, feat_on_display, uniq_natasha
D:4:      layout_loops_ring
D:5:      cheibrodos_iron_armory, layout_loops_corners, serial_shops, shop,
          uniq_sigmund

Skill      XL: |  1  2 |
---------------+-------+-----
Stealth        | 7 |  7.1
Fighting       | |  3.4
Short Blades   | |  2.0
Dodging        | |  2.6

Action                     || total
---------------------------++-------
  Melee: Short sword       ||    16
         Constrict         ||     1
         Tentacles         ||     1
    Use: Potion            ||     2
         Scroll            ||     1
   Stab: Sleeping          ||     7
  Dodge: Dodged            ||     6
